 Dungeon Crawl Stone Soup version 0.30-a0-458-g86641cc369 (webtiles) character file.

Game seed: 5215154124212491051

7 kae the Sneak (level 1, -2/9 HPs)
             Began as a Spriggan Enchanter on Dec 14, 2022.
             Slain by a quokka (4 damage)
             ... on level 1 of the Dungeon.
             The game lasted 00:00:52 (205 turns).

kae the Sneak (Spriggan Enchanter)                   Turns: 205, Time: 00:00:52

Health: -2/9       AC:  2    Str:  4    XL:     1   Next: 83%
Magic:  5/5        EV: 17    Int: 16    God:
Gold:   27         SH:  0    Dex: 15    Spells: 5/5 levels left

rFire   . . .      SeeInvis +    a - +1 dagger
rCold   . . .      Faith    .    (no shield)
rNeg    . . .      Spirit   .    b - +0 robe
rPois   .          Reflect  .    (helmet restricted)
rElec   .          Harm     .    (no cloak)
rCorr   .          Rampage  .    (gloves unavailable)
Will    .....                    (boots unavailable)
Stlth   +++.......               (no amulet)
HPRegen 0.21/turn                (no ring)
MPRegen 0.09/turn                (no ring)

@: very quick
A: very small, no large weapons, unfitting armour, see invisible, speed 3
a: no special abilities


You were on level 1 of the Dungeon.
You visited 1 branch of the dungeon, and saw 1 of its levels.

You collected 27 gold pieces.


Innate Abilities, Weirdness & Mutations

You are very small and have problems with some larger weapons.
You are too small for most types of armour.
You have supernaturally acute eyesight. (SInv)
You cover ground extremely quickly. (Speed+++)


   Skills:
 + Level 0.1 Fighting
 * Level 1.4 Short Blades
 + Level 2.8 Dodging
 + Level 4.5 Stealth
 + Level 2.8 Spellcasting
 * Level 3.8 Hexes


You had 5 spell levels left.
You didn't know any spells.
Your spell library contained the following spells:

 Spells                   Type           Power      Damage    Failure   Level
 Confusing Touch          Hex            14%        N/A       12%         3
 Tukima's Dance           Hex            14%        N/A       12%         3
 Ensorcelled Hibernation  Hex/Ice        16%        N/A       13%         2
 Dazzling Flash           Conj/Hex       16%        N/A       26%         3

Inventory:

Hand Weapons
 a - a +1 dagger (weapon)
Missiles
 d - 5 stones (quivered)
Armour
 b - a +0 robe (worn)
Potions
 c - 2 potions of invisibility
 e - a potion of brilliance {unknown}

Dungeon Overview and Level Annotations

Branches:
Dungeon (1/15) Zot: 5856

Altars:

#####..#
###..##.........#
#..##
##............#
#.##
###).........# ..
#..........#
#..........##
#...........#
#...........#
#..........^#
#@(.........#
###r..........#
#.........#...#
#.#.#####l#####
#.#... #.#
#..####.##### #.#
........#... #.#
..#####.#.### #.#
## #.....# #r#..


You could see a quokka and a frilled lizard (wandering).


Message History

A ball python is nearby!
A ball python is nearby!
You don't know any spells.
Unknown command.
You don't know any spells.
The helpless ball python fails to defend itself.
You impale the ball python!!
You kill the ball python!
No target in view!
No target in view!
No target in view!
No target in view!
No target in view!
A bat comes into view.
A bat is nearby!
A bat is nearby!
Okay, then.
A kobold comes into view. It is wielding a +0 short sword.
The kobold shouts!
You hear a shout! x2
The kobold moves out of view.
The bat barely misses you.
You hit the bat. The bat closely misses you.
The bat hits you but does no damage.
You closely miss the bat. The bat hits you but does no damage.
You barely miss the bat. The bat completely misses you.
The bat barely misses you. The bat completely misses you.
You hit the bat. The bat hits you but does no damage.
You hit the bat.
You kill the bat!
No target in view!
No target in view!
No target in view!
No target in view!
No target in view!
The kobold hits you with a +0 short sword.
You hit the kobold. The kobold closely misses you. 😕 HP[-2]
You take 2 damage, and now have 7/9 hp.
MASSIVE DAMAGE!! (PAUSE)
You miss the kobold.
The kobold hits you with a +0 short sword.
* * * LOW HITPOINT WARNING * * *
You are too injured to fight recklessly! 😨 HP[-3]
You take 3 damage, and now have 4/9 hp.
MASSIVE DAMAGE!! (PAUSE)
You closely miss the kobold.
The kobold hits you with a +0 short sword.
* * * LOW HITPOINT WARNING * * *
😱 HP[-2]
You take 2 damage, and now have 2/9 hp.
MASSIVE DAMAGE!! (PAUSE) Unknown command.
You hit the kobold.
A quokka comes into view.
The kobold barely misses you.
Unknown command.
You hit the kobold.
You kill the kobold!
Unknown command.
You see here a bat corpse. 😨 HP[+1] 😨 HP[+1] 😮 HP[+1]
You start resting. 😕 HP[+2]
You regained 2 hp, and now have 7/9 hp.
Unknown command.
Found a stone staircase leading down.
There is a stone staircase leading down here.
Things that are here:
a +0 club; a kobold corpse 😎 HP[+2]
Your hp is fully restored (9).
A quokka is nearby!
A quokka is nearby!
You don't know any spells.
You hit the quokka. The quokka bites you. 😮 HP[-3]
You take 3 damage, and now have 6/9 hp.
MASSIVE DAMAGE!! (PAUSE)
You are too injured to fight recklessly!
You are too injured to fight recklessly!
You barely miss the quokka. The quokka bites you.
* * * LOW HITPOINT WARNING * * *
😨 HP[-2]
You take 2 damage, and now have 4/9 hp.
MASSIVE DAMAGE!! (PAUSE)
You closely miss the quokka. You punch the quokka, but do no damage.
The quokka barely misses you.
You hit the quokka. The quokka completely misses you. The quokka misses you.
Unknown command.
You closely miss the quokka. The quokka bites you.
* * * LOW HITPOINT WARNING * * *
A frilled lizard comes into view. 😱 HP[-2]
You take 2 damage, and now have 2/9 hp.
MASSIVE DAMAGE!! (PAUSE)
You barely miss the quokka. The quokka bites you.
You die...

Action                   || total
-------------------------++-------
Melee: Dagger            ||    32
       Punch             ||     1
 Stab: Sleeping          ||     1
Armor: Robe              ||     4
Dodge: Dodged            ||    27

Levels and vault maps discovered:
D:1:      dpeg_arrival_pits, layout_basic, minmay_tromino_v2

Notes
Turn   | Place    | Note
-------+----------+-------------------------------------------
     0 | D:1      | kae the Spriggan Enchanter began the quest for the Orb.
     0 | D:1      | Reached XP level 1. HP: 9/9 MP: 5/5
     0 | D:1      | magus.rc [v1.11.3]
   120 | D:1      | HP: 2/9 [kobold/+0 short sword (3)]
   204 | D:1      | HP: 2/9 [quokka (3)]
   205 | D:1      | Slain by a quokka

Vanquished Creatures
  2 bats (D:1)
  A hobgoblin (D:1)
  2 kobolds (D:1)
  A ball python (D:1)
6 creatures vanquished.

Table legend:
 A = Non-vault XP
 B = Vault XP
 C = Vault XP percentage of total XP
 D = Non-vault monster count
 E = Vault monster count
 F = Vault count percentage of total count
                 A         B        C        D         E       F
            +---------+---------+-------+---------+---------+-------
      Total |      10 |       0 |   0.0 |       6 |       0 |   0.0
            +---------+---------+-------+---------+---------+-------
        D:1 |      10 |       0 |   0.0 |       6 |       0 |   0.0
            +---------+---------+-------+---------+---------+-------

Illustrated notes

Table legend:
 A = Kills in this place as a percentage of kills in entire the game.
 B = Kills by you in this place as a percentage of kills by you in the entire game.
 C = Kills by friends in this place as a percentage of kills by friends in the entire game.
 D = Other kills in this place as a percentage of other kills in the entire game.
 E = Experience gained in this place as a percentage of experience gained in the entire game.
 F = Experience gained in this place divided by the number of levels of this place that you have seen.
                   A       B       C       D       E      F
               +-------+-------+-------+-------+-------+----------------------
         Total | 100.0 | 100.0 |   N/A |   N/A | 100.0 |  10.0
       Dungeon | 100.0 | 100.0 |   N/A |   N/A | 100.0 |  10.0
               +-------+-------+-------+-------+-------+----------------------

Table legend: (Time is in decaauts)
 A = Elapsed time spent in this place.
 B = Non-inter-level travel time spent in this place.
 C = Inter-level travel time spent in this place.
 D = Time resting spent in this place.
 E = Time spent auto-exploring this place.
 F = Levels seen in this place.
 G = Mean time per level.
                   A        B        C        D        E       F      G
               +--------+--------+--------+--------+--------+-----+--------+
         Total |    142 |    142 |      0 |      6 |     70 |   1 |  142.0 |
       Dungeon |    142 |    142 |      0 |      6 |     70 |   1 |  142.0 |
               +--------+--------+--------+--------+--------+-----+--------+

Top non-repeatable levels by time:
     D:1: 142 daAuts
